[Event "Early-Titled-Tuesday-Blitz-August-29-2023"]
[Site "Chess.com"]
[Date "2023.08.29"]
[Round "1"]
[White "leopato"]
[Black "Mesa_1"]
[Result "0-1"]
[WhiteElo "2132"]
[BlackElo "2567"]
[TimeControl "180+1"]
[EndTime "8:04:58 PDT"]
[Termination "Mesa_1 won by resignation"]

1. e4 d6 2. d4 Nf6 3. Nc3 Nc6 4. Bb5 a6 5. Bxc6+ bxc6 6. Nf3 g6 7. h3 Bg7 8. O-O O-O 9. Re1 a5 10. Bg5 h6 11.
Be3 Kh7 12. Rb1 Nd7 13. Qd2 a4 14. a3 Nb6 15. Qc1 Nc4 16. Bf4 e5 17. dxe5 dxe5 18. Rd1 Qe7 19. Bg3 Be6 20. Rd3 f5 21. Qe1 f4 22. Bh2 g5 23. Rbd1 Nxb2 24. Qd2 Nxd3 25.
cxd3 Qxa3 26. d4 exd4 27. Nxd4 Rad8 28. Nce2 c5 29. Nxe6 Rxd2 30. Nxf8+ Bxf8 31. Rxd2 Qa1+ 32. Nc1 Qxc1+ 0-1

[Event "Early-Titled-Tuesday-Blitz-August-29-2023"]
[Site "Chess.com"]
[Date "2023.08.29"]
[Round "1"]
[White "fabianvivasz"]
[Black "Legendinunknown"]
[Result "0-1"]
[WhiteElo "2434"]
[BlackElo "2810"]
[TimeControl "180+1"]
[EndTime "8:05:00 PDT"]
[Termination "Legendinunknown won by resignation"]

1. e4 e5 2. Nf3 Nc6 3. d4 exd4 4. Nxd4 Bc5 5. Nb3 Bb6 6. Nc3 d6 7. Qe2 Nge7 8. Bg5 O-O 9. O-O-O f6 10. Be3 f5 11. f4 fxe4 12. Bxb6 axb6 13. Qxe4 Bf5 14. Bc4+ Kh8 15. Qf3 Qd7 16. h3 Nb4 17. Nd4 Nec6 18. g4 Nxd4 19. Rxd4 Bxc2 20. Bb5 Nxa2+ 21. Nxa2 Qxb5 22.
Nc3 Qb3 23. Kd2 Qxb2 24. Ke1 0-1

[Event "Early-Titled-Tuesday-Blitz-August-29-2023"]
[Site "Chess.com"]
[Date "2023.08.29"]
[Round "1"]
[White "CrazyAdvenTures"]
[Black "Colombiano07"]
[Result "1-0"]
[WhiteElo "2704"]
[BlackElo "2386"]
[TimeControl "180+1"]
[EndTime "8:05:02 PDT"]
[Termination "CrazyAdvenTures won by resignation"]

1. e4 c6 2. Nc3 d5 3. Nf3 Bg4 4. h3 Bxf3 5. Qxf3 e6 6. d4 dxe4 7. Qxe4 Nd7 8. Bd3 Bb4 9. O-O Ngf6 10. Qf3 O-O 11. Ne2 Qa5 12. c3 Be7 13. Ng3 Qd5 14.
Ne4 c5 15. Be3 b6 16. Rfd1 cxd4 17. Bxd4 Qh5 18. g4 Qa5 19. Bc2 Rfd8 20. Kg2 Nxe4 21. Qxe4 Nf8 22. a4 Qd5 23. Qxd5 Rxd5 24. Be4 Rad8 25.
Bxd5 Rxd5 26. a5 Bc5 27. axb6 axb6 28. Bxc5 Rxc5 29. Ra8 1-0

[Event "Early-Titled-Tuesday-Blitz-August-29-2023"]
[Site "Chess.com"]
[Date "2023.08.29"]
[Round "1"]
[White "cool64chess"]
[Black "sergoy"]
[Result "0-1"]
[WhiteElo "2498"]
[BlackElo "2944"]
[TimeControl "180+1"]
[EndTime "8:05:06 PDT"]
[Termination "sergoy won by resignation"]

1. d4 Nf6 2. c4 e6 3. Nc3 Bb4 4.
f3 c5 5. d5 O-O 6. e4 b5 7. Bd3 bxc4 8. Bxc4 exd5 9. exd5 d6 10. Ne2 Nbd7 11. O-O Ne5 12. Bd3 a5 13. a3 Nxd3 14.
Qxd3 Bxc3 15. bxc3 Ba6 16. c4 Nd7 17. Bf4 Qf6 18. Rab1 Rfe8 19. Bg3 h6 20. Nc3 Ne5 21. Bxe5 Qxe5 22. Nb5 Rab8 23. a4 Bc8 24. Rbe1 Qxe1 25. Rxe1 Rxe1+ 26. Kf2 Ra1 27. Nxd6 Bd7 28. Qe3 Rb2+ 29.
Kg3 Raa2 30. Qe7 Rxg2+ 31. Kf4 g5+ 0-1

[Event "Early-Titled-Tuesday-Blitz-August-29-2023"]
[Site "Chess.com"]
[Date "2023.08.29"]
[Round "1"]
[White "nitpicker"]
[Black "SaqoChess_Twitch"]
[Result "0-1"]
[WhiteElo "2277"]
[BlackElo "2615"]
[TimeControl "180+1"]
[EndTime "8:05:14 PDT"]
[Termination "SaqoChess_Twitch won by checkmate"]

1. d4 d5 2. c4 e6 3. Nf3 Nf6 4. g3 Be7 5. Bg2 O-O 6. O-O dxc4 7. Ne5 Nc6 8. Bxc6 bxc6 9. Nxc6 Qe8 10. Nxe7+ Qxe7 11. Qa4 c5 12. Qxc4 cxd4 13. Qxd4 e5 14. Qh4 h6 15. Nc3 Qe6 16. Be3 a5 17. Rfd1 Rb8 18. Rd2 Rb4 19. f4 exf4 20. Bxf4 g5 21. Qxh6 gxf4 22.
Qg5+ Kh8 23. Nd5 Nxd5 24. Rxd5 Qe3+ 25. Kf1 Bh3+ 26. Ke1 Qg1+ 27. Kd2 Rd4+ 28. Kc2 Rc8+ 29. Kb3 Qe3# 0-1

[Event "Early-Titled-Tuesday-Blitz-August-29-2023"]
[Site "Chess.com"]
[Date "2023.08.29"]
[Round "1"]
[White "mapleaff"]
[Black "Frolyanov_D"]
[Result "1-0"]
[WhiteElo "2288"]
[BlackElo "2598"]
[TimeControl "180+1"]
[EndTime "8:05:16 PDT"]
[Termination "mapleaff won by resignation"]

1. e4 e5 2. Nf3 Nf6 3. Nc3 Nc6 4. Bb5 Nd4 5. Bc4 Bc5 6. h3 d6 7. d3 O-O 8. Bg5 c6 9. O-O h6 10. Bh4 b5 11. Bb3 g5 12. Bg3 Nxb3 13. axb3 Nh5 14. d4 Nxg3 15. fxg3 exd4 16. Nxd4 Qe7 17. Kh2 b4 18. Nxc6 Qb7 19. Nd5 f5 20. Nce7+ Kh7 21. Qh5 Rg8 22. Nf6+ 1-0

[Event "Early-Titled-Tuesday-Blitz-August-29-2023"]
[Site "Chess.com"]
[Date "2023.08.29"]
[Round "1"]
[White "HElissalt"]
[Black "seopie"]
[Result "1-0"]
[WhiteElo "2380"]
[BlackElo "2657"]
[TimeControl "180+1"]
[EndTime "8:05:21 PDT"]
[Termination "HElissalt won by resignation"]

1. d4 g6 2. e4 Bg7 3. g3 d6 4. Bg2 Nf6 5. Ne2 O-O 6. O-O e5 7.
h3 Nc6 8. Be3 Re8 9. d5 Ne7 10.
c4 Nd7 11. Nbc3 Nb6 12. b3 f5 13. f4 exf4 14. Bxf4 Nd7 15. Nd4 Nc5 16. Qd2 fxe4 17. Nxe4 Nxe4 18. Bxe4 Bxh3 19. Ne6 Bxe6 20. dxe6 Qc8 21. Rae1 Rb8 22. Bg5 b5 23. Rf7 Qxe6 24. Rxe7 Rxe7 25. Bd5 1-0

[Event "Early-Titled-Tuesday-Blitz-August-29-2023"]
[Site "Chess.com"]
[Date "2023.08.29"]
[Round "1"]
[White "valemava"]
[Black "blitzo_vich"]
[Result "1-0"]
[WhiteElo "2314"]
[BlackElo "2609"]
[TimeControl "180+1"]
[EndTime "8:05:21 PDT"]
[Termination "valemava won on time"]

1. Nf3 Nc6 2. c4 e5 3. Nc3 Nf6 4. e4 g6 5. h3 Bg7 6. g4 d6 7. d3 O-O 8. Bg2 Nd7 9. Bg5 f6 10.
Be3 Nc5 11. O-O Ne6 12. Nd5 Ncd4 13. Nxd4 exd4 14. Bd2 c6 15. Nb4 f5 16. f4 fxe4 17.
Bxe4 Nc5 18. Qf3 Bd7 19. Rae1 Qh4 20. Re2 Rae8 21. Be1 Qf6 22. Bg3 1-0

[Event "Early-Titled-Tuesday-Blitz-August-29-2023"]
[Site "Chess.com"]
[Date "2023.08.29"]
[Round "1"]
[White "JSMastropiero"]
[Black "DreamsAreFake"]
[Result "0-1"]
[WhiteElo "2296"]
[BlackElo "2627"]
[TimeControl "180+1"]
[EndTime "8:05:22 PDT"]
[Termination "DreamsAreFake won by resignation"]

1. d4 Nf6 2. c4 b6 3. Nc3 Bb7 4.
Qc2 d5 5. cxd5 Nxd5 6. Nf3 e6 7. a3 Be7 8. e4 Nxc3 9. bxc3 O-O 10. Bd3 c5 11. O-O Nc6 12. Be3 cxd4 13. cxd4 Rc8 14. Qe2 Na5 15. a4 h6 16. Rab1 Bf6 17. e5 Be7 18.
Nd2 Bd5 19. Qh5 Qe8 20. Bxh6 f5 21. Qxe8 Rfxe8 22. Be3 Ba3 23. Bb5 Re7 24. Ba6 Rc3 25. Nf3 Nc4 26. Rfd1 Nxe3 27. fxe3 Rxe3 28. Rd3 Rxd3 29.
Bxd3 Rc7 30. Kf2 Be7 31. a5 bxa5 32. Rb8+ Kf7 33. h4 a4 34. Rb5 a3 35. Ra5 Bb4 36.
Ra4 a5 0-1

[Event "Early-Titled-Tuesday-Blitz-August-29-2023"]
[Site "Chess.com"]
[Date "2023.08.29"]
[Round "1"]
[White "Rikikits"]
[Black "schack_vit"]
[Result "1-0"]
[WhiteElo "2871"]
[BlackElo "2461"]
[TimeControl "180+1"]
[EndTime "8:05:24 PDT"]
[Termination "Rikikits won by resignation"]

1. b3 d5 2. Bb2 Nf6 3. e3 c5 4. f4 Nc6 5. Nf3 Bg4 6. Bb5 Qb6 7. Nc3 e6 8. h3 Bxf3 9. Qxf3 a6 10.
Bxc6+ Qxc6 11. O-O-O Be7 12. g4 h6 13. Kb1 O-O-O 14.
Ne2 Rh7 15. Ng3 Ne4 16. d3 Nxg3 17. Qxg3 g5 18. f5 Bd6 19. Qf3 e5 20. c4 d4 21.
Qxc6+ bxc6 22. e4 h5 23. h4 Rg8 24. Bc1 gxh4 25. g5 Be7 26. f6 Bd6 27. Rxh4 Kd7 28. Rdh1 Rgh8 29. Kb2 Ke6 30. Ka3 Bc7 31. Ka4 Bb6 32.
Bd2 Bc7 33. Ba5 Bxa5 34. Kxa5 Kd6 35. a3 Kc7 36. b4 cxb4 37. axb4 Kb7 38. Rf1 Rg8 39. Rf5 Re8 40. b5 axb5 41. cxb5 cxb5 42. Kxb5 Kc7 43. Kc5 Kd7 44. Kd5 Rhh8 45. Rxe5 Ra8 46. Re7+ Kd8 47. e5 1-0

[Event "Early-Titled-Tuesday-Blitz-August-29-2023"]
[Site "Chess.com"]
[Date "2023.08.29"]
[Round "1"]
[White "zurzan"]
[Black "jaskol95"]
[Result "0-1"]
[WhiteElo "2083"]
[BlackElo "2555"]
[TimeControl "180+1"]
[EndTime "8:05:24 PDT"]
[Termination "jaskol95 won by checkmate"]

1. c4 c6 2. Nc3 d5 3. cxd5 cxd5 4. d4 Nf6 5. Nf3 Nc6 6. g3 e6 7. Bg2 a6 8. O-O Be7 9. a4 O-O 10. Re1 Bb4 11. Bd2 Re8 12. Na2 Bxd2 13. Qxd2 Ne4 14. Qd3 e5 15. dxe5 Qb6 16. e3 Qxb2 17. Rf1 Nxe5 18. Qxd5 Nxf3+ 19. Bxf3 Nd2 20. Rfd1 Nxf3+ 21. Qxf3 Be6 22. Rdb1 Qe5 23. Nb4 Rac8 24. Nd3 Qd6 25. Nf4 Bf5 26. Qd1 Qb8 27. Rc1 Rcd8 28. Qe1 Be4 29.
Rd1 Bc6 30. Rxd8 Qxd8 31. Rd1 Qe7 32. a5 Qe4 33. Qf1 Qh1# 0-1

[Event "Early-Titled-Tuesday-Blitz-August-29-2023"]
[Site "Chess.com"]
[Date "2023.08.29"]
[Round "1"]
[White "BilodeauA"]
[Black "Caterpiller35"]
[Result "1-0"]
[WhiteElo "2933"]
[BlackElo "2492"]
[TimeControl "180+1"]
[EndTime "8:05:26 PDT"]
[Termination "BilodeauA won by resignation"]

1. e4 c5 2. Nf3 Nc6 3. d4 cxd4 4. Nxd4 e5 5. Nb5 d6 6. c4 Be7 7. N1c3 a6 8. Na3 Be6 9. Nc2 Bg5 10. Be2 Bxc1 11. Rxc1 Nf6 12. O-O O-O 13. Qd2 Rc8 14. Rfd1 Qb6 15. b3 Rfd8 16. h3 Qa7 17. Bf1 h6 18.
Qe1 Kf8 19. Rd3 b5 20. cxb5 axb5 21. Nxb5 Qxa2 22. Nxd6 Rb8 23. b4 Bb3 24. Qc3 Bxc2 25. Rxc2 Qxc2 26. Qxc2 Nxb4 27. Qc7 1-0

[Event "Early-Titled-Tuesday-Blitz-August-29-2023"]
[Site "Chess.com"]
[Date "2023.08.29"]
[Round "1"]
[White "Herman-NY"]
[Black "AnujShrivatri21"]
[Result "0-1"]
[WhiteElo "2440"]
[BlackElo "2826"]
[TimeControl "180+1"]
[EndTime "8:05:26 PDT"]
[Termination "AnujShrivatri21 won on time"]

1. e4 c5 2. Nf3 d6 3. d4 cxd4 4. Nxd4 Nf6 5. Nc3 a6 6. Bc4 e6 7. a3 Qc7 8. Ba2 b5 9. Qe2 Nbd7 10. g4 Nc5 11. g5 Nfd7 12. f4 Nb6 13. f5 e5 14. Nf3 Bb7 15. Bd2 Rc8 16. g6 hxg6 17. fxg6 f6 18. Bf7+ Kd8 19. Nd5 Bxd5 20. exd5 Be7 21. h4 Nc4 22. Bc3 f5 23. O-O-O Ne4 24.
Be1 Ne3 0-1

[Event "Early-Titled-Tuesday-Blitz-August-29-2023"]
[Site "Chess.com"]
[Date "2023.08.29"]
[Round "1"]
[White "Bauman_Guy"]
[Black "superfast64"]
[Result "1-0"]
[WhiteElo "2805"]
[BlackElo "2427"]
[TimeControl "180+1"]
[EndTime "8:05:26 PDT"]
[Termination "Bauman_Guy won by resignation"]

1. e4 c6 2. d4 d5 3. e5 c5 4.
dxc5 e6 5. Nf3 Bxc5 6. a3 Nc6 7. Bd3 f5 8. O-O Nge7 9. b4 Bb6 10. Bb2 O-O 11.
c4 Ng6 12. cxd5 Qxd5 13. Nc3 Qd7 14. Na4 Bc7 15. Re1 a6 16. Nc5 Qe7 17. Rc1 Nf4 18. Bc4 Rd8 19. Qb3 b5 20. Bf1 Ng6 21. g3 Bb6 22.
Bg2 Rb8 23. h4 a5 24. Ng5 Na7 25. Ngxe6 Bxe6 26. Nxe6 Qf7 27. Rc3 a4 28. Nxd8 Qxb3 29. Rxb3 axb3 30. Bd5+ Kf8 31. Ne6+ Ke7 32. Nxg7 f4 33.
Nf5+ Ke8 34. Kg2 fxg3 35. fxg3 Rc8 36. Nd6+ Kd8 37. Nxc8 Kxc8 38. Bxb3 Nc6 39. e6 1-0

[Event "Early-Titled-Tuesday-Blitz-August-29-2023"]
[Site "Chess.com"]
[Date "2023.08.29"]
[Round "1"]
[White "PattyCastillo"]
[Black "Chessbard1972"]
[Result "0-1"]
[WhiteElo "1933"]
[BlackElo "2538"]
[TimeControl "180+1"]
[EndTime "8:05:26 PDT"]
[Termination "Chessbard1972 won by resignation"]

1. d4 Nf6 2. Nf3 g6 3. Nc3 d5 4. Bf4 Bg7 5. e3 Bf5 6. Bd3 Bxd3 7. Qxd3 c6 8. h3 Nbd7 9. O-O O-O 10. Ne5 Nxe5 11.
Bxe5 Nd7 12. Bxg7 Kxg7 13. e4 e6 14. Rfe1 Re8 15. exd5 cxd5 16. Rac1 Rc8 17. Nb5 Qb6 18. c3 a6 19. Na3 Nf6 20. Nc2 Qxb2 21. Rb1 Qxc3 22.
Qxc3 Rxc3 23. Ne3 b5 24. Rb4 Rec8 25. a4 Rc1 26. Rxc1 Rxc1+ 27. Kh2 bxa4 28. Rxa4 Rc6 29. f3 h5 30. Kg3 g5 31. Kf2 Ne8 32. Ke2 Nc7 33. Kd2 Nb5 34. Kd3 f6 35. Nc2 Rc3+ 36.
Kd2 Rc6 37. Nb4 Rc4 0-1

[Event "Early-Titled-Tuesday-Blitz-August-29-2023"]
[Site "Chess.com"]
[Date "2023.08.29"]
[Round "1"]
[White "DanilNajdin"]
[Black "nihalsarin"]
[Result "0-1"]
[WhiteElo "2532"]
[BlackElo "3139"]
[TimeControl "180+1"]
[EndTime "8:05:28 PDT"]
[Termination "nihalsarin won by resignation"]

1. d4 c6 2. e4 d5 3. exd5 cxd5 4. Bd3 Nc6 5. c3 Nf6 6. Bf4 Bg4 7. Qb3 Qc8 8. Nd2 e6 9. Ngf3 Be7 10. O-O O-O 11. Rae1 Bh5 12. Ne5 Bg6 13. Nxg6 hxg6 14. Nf3 Qd7 15.
Qc2 Bd6 16. Ne5 Qc7 17. Qe2 Rab8 18. Bg3 Ne7 19. Bh4 Nf5 20. Bxf6 gxf6 21. Bxf5 gxf5 22.
Qh5 Kg7 23. Re3 Rg8 24. Rg3+ Kf8 25. Rxg8+ Kxg8 26. Nf3 Kg7 0-1

[Event "Early-Titled-Tuesday-Blitz-August-29-2023"]
[Site "Chess.com"]
[Date "2023.08.29"]
[Round "1"]
[White "maurovargas01"]
[Black "averageFM"]
[Result "0-1"]
[WhiteElo "1911"]
[BlackElo "2539"]
[TimeControl "180+1"]
[EndTime "8:05:28 PDT"]
[Termination "averageFM won by checkmate"]

1. e4 c5 2. Nc3 e6 3. f4 d5 4. Nf3 dxe4 5. Nxe4 Nf6 6. Nc3 Nc6 7.
Bb5 Bd7 8. d3 a6 9. Bxc6 Bxc6 10.
O-O Bd6 11. f5 O-O 12. fxe6 fxe6 13. Ng5 Qd7 14. Qe1 Ng4 15. h3 Rxf1+ 16. Qxf1 Rf8 17. Qe1 Bh2+ 18. Kh1 Bg3 19. Qe2 Rf2 20. Qd1 Bxg2+ 21. Kg1 Bh2# 0-1

[Event "Early-Titled-Tuesday-Blitz-August-29-2023"]
[Site "Chess.com"]
[Date "2023.08.29"]
[Round "1"]
[White "HajiyevKanan"]
[Black "Fandorine"]
[Result "0-1"]
[WhiteElo "2502"]
[BlackElo "2950"]
[TimeControl "180+1"]
[EndTime "8:05:31 PDT"]
[Termination "Fandorine won by resignation"]

1. d4 Nf6 2. Nf3 g6 3. g3 Bg7 4. Bg2 O-O 5. O-O d6 6. b3 e5 7.
Bb2 e4 8. Ne1 d5 9. f3 Re8 10.
c4 c6 11. Nc3 e3 12. cxd5 cxd5 13. Nd3 Nc6 14. Ne5 Nxe5 15. dxe5 Rxe5 16. Rc1 d4 17. f4 Rh5 18. a4 Bh3 19. Nb5 Bxg2 20. Kxg2 Ng4 21. h3 Nf2 22. Rxf2 exf2 23. Bxd4 Rxb5 24.
Bxg7 Rd5 25. Bf6 Rxd1 0-1

[Event "Early-Titled-Tuesday-Blitz-August-29-2023"]
[Site "Chess.com"]
[Date "2023.08.29"]
[Round "1"]
[White "bascheyaro"]
[Black "ajedrezhoy"]
[Result "1-0"]
[WhiteElo "2810"]
[BlackElo "2433"]
[TimeControl "180+1"]
[EndTime "8:05:34 PDT"]
[Termination "bascheyaro won by resignation"]

1. d4 Nf6 2. Nf3 b6 3. Bf4 Bb7 4. e3 e6 5. Nbd2 Be7 6. Bd3 Nh5 7. Be5 d6 8. Bg3 Nd7 9. a4 a5 10. c3 Nxg3 11. hxg3 h6 12. g4 e5 13. Qe2 Bf6 14. O-O-O Qe7 15. Be4 O-O-O 16. Qb5 Rhe8 17. Bxb7+ Kxb7 18. d5 Nc5 19. b4 axb4 20. cxb4 Na6 21. Nc4 Ka7 22. a5 Rb8 23. axb6+ cxb6 24. Kd2 e4 25. Ra1 Bxa1 26. Rxa1 Qb7 27. Nxd6 exf3 28. Nxb7 Kxb7 29. Qc6+ 1-0

[Event "Early-Titled-Tuesday-Blitz-August-29-2023"]
[Site "Chess.com"]
[Date "2023.08.29"]
[Round "1"]
[White "vladoboch"]
[Black "lamomiajunior"]
[Result "0-1"]
[WhiteElo "2425"]
[BlackElo "2802"]
[TimeControl "180+1"]
[EndTime "8:05:34 PDT"]
[Termination "lamomiajunior won by resignation"]

1. e4 c5 2. Nf3 d6 3. d4 cxd4 4. Nxd4 Nf6 5. Nc3 a6 6. Be3 e5 7.
Nb3 Be7 8. f3 Be6 9. Qd2 h5 10.
O-O-O Nbd7 11. Nd5 Nxd5 12. exd5 Bf5 13. Bd3 Bxd3 14.
Qxd3 Bg5 15. Kb1 Bxe3 16. Qxe3 Rc8 17. Nd4 Nf6 18. Ne2 O-O 19. h4 Rc5 20. Nc3 Qc7 21. Rhg1 b5 22. g4 hxg4 23. fxg4 b4 24. Ne4 Nxe4 25. Qxe4 Rc8 26. Rg2 Rc4 27. Qf5 g6 28.
Qd3 Rd4 29. Qe2 Qc4 30. Rxd4 Qxd4 31. h5 a5 32. hxg6 fxg6 33. Rh2 Qg1+ 0-1

[Event "Early-Titled-Tuesday-Blitz-August-29-2023"]
[Site "Chess.com"]
[Date "2023.08.29"]
[Round "1"]
[White "wannabe2700"]
[Black "spotbet"]
[Result "1-0"]
[WhiteElo "2628"]
[BlackElo "2297"]
[TimeControl "180+1"]
[EndTime "8:05:39 PDT"]
[Termination "wannabe2700 won by resignation"]

1. g3 c5 2. Bg2 Nc6 3. c4 g6 4. Nc3 Bg7 5. b3 e6 6. Bb2 Nge7 7. Qc1 O-O 8. Nf3 d5 9. cxd5 exd5 10.
O-O b6 11. d3 Bb7 12. e4 Nb4 13. Rd1 Qc8 14. a3 Nxd3 15. Rxd3 dxe4 16. Nxe4 Bxe4 17.
Bxg7 Kxg7 18. Re3 Qb7 19. Qb2+ Kg8 20. Qe5 f5 21. Qe6+ Kh8 22. Rd1 Nd5 23. Rxe4 fxe4 24. Qxe4 Rad8 25. Ne5 Rf5 26. f4 g5 27. Qxf5 1-0

[Event "Early-Titled-Tuesday-Blitz-August-29-2023"]
[Site "Chess.com"]
[Date "2023.08.29"]
[Round "1"]
[White "Murad_Ibrahimli"]
[Black "Flaccidmoves"]
[Result "1-0"]
[WhiteElo "2898"]
[BlackElo "2473"]
[TimeControl "180+1"]
[EndTime "8:05:40 PDT"]
[Termination "Murad_Ibrahimli won by checkmate"]

1. c4 e5 2. Nc3 Nf6 3. g3 d5 4.
cxd5 Nxd5 5. Bg2 Nb6 6. d3 Nc6 7. Bxc6+ bxc6 8. Be3 Nd5 9. Rc1 Nxe3 10. fxe3 Bc5 11. Qd2 Qg5 12. Ne4 Bxe3 13. Nxg5 Bxd2+ 14. Kxd2 f6 15. Ne4 Rb8 16. b3 Bd7 17. Nc5 Ke7 18. Nxd7 Kxd7 19. Nh3 a5 20. Rc4 Rb6 21. Nf2 Kd6 22.
Ne4+ Kd7 23. Rhc1 Ra8 24. Nc5+ Kd6 25. Na4 Rba6 26. Nb2 Rb8 27. Ra4 Rb5 28. Nc4+ Kd7 29.
Na3 Rb8 30. h4 h5 31. Nc4 Rb5 32. Rg1 Ke6 33. g4 hxg4 34. Rxg4 Kf7 35. Ne3 Ra8 36. Rac4 Rb6 37. h5 Rh8 38. Rh4 Ke6 39. Rcg4 Rh7 40.
Rg6 Kf7 41. Rhg4 Rb4 42. Nc4 Rb5 43. Kc3 Rd5 44. Ne3 Rb5 45. Nf5 Rxh5 46. Rxg7+ Ke6 47.
e4 Rc5+ 48. Kb2 Rh2+ 49. Ka3 Rcc2 50. Re7# 1-0

[Event "Early-Titled-Tuesday-Blitz-August-29-2023"]
[Site "Chess.com"]
[Date "2023.08.29"]
[Round "1"]
[White "WhiteKnight2612"]
[Black "Kotofeyca"]
[Result "1-0"]
[WhiteElo "2816"]
[BlackElo "2437"]
[TimeControl "180+1"]
[EndTime "8:05:41 PDT"]
[Termination "WhiteKnight2612 won on time"]

1. d4 d5 2. c4 c6 3. Nc3 Nf6 4.
Nf3 dxc4 5. a4 Bg4 6. Ne5 Bh5 7. Nxc4 e6 8. Bg5 c5 9. d5 exd5 10. Bxf6 Qxf6 11. Qxd5 Bg6 12. Nb5 Na6 13. Qxb7 Rd8 14. Qxa6 Qxa6 15. Nc7+ Kd7 16. Nxa6 Kc6 17. e3 Kb7 18.
Ne5 1-0

[Event "Early-Titled-Tuesday-Blitz-August-29-2023"]
[Site "Chess.com"]
[Date "2023.08.29"]
[Round "1"]
[White "Msb2"]
[Black "Gameking51"]
[Result "1-0"]
[WhiteElo "3024"]
[BlackElo "2516"]
[TimeControl "180+1"]
[EndTime "8:05:42 PDT"]
[Termination "Msb2 won by resignation"]

1. d4 Nf6 2. c4 e6 3. Nc3 d5 4. cxd5 exd5 5. Bg5 c6 6. e3 Be7 7. Bd3 Nbd7 8. h3 O-O 9. Nf3 Re8 10. Qc2 h6 11. Bf4 Nf8 12. O-O Bd6 13. Ne5 Qe7 14. Bh2 N6d7 15. f4 f6 16. e4 fxe5 17. fxe5 Nxe5 18. dxe5 Bxe5 19. exd5 Qc5+ 20. Kh1 Bxh2 21.
Kxh2 cxd5 22. Nxd5 Qxc2 23. Bxc2 Re2 24. Bb3 Be6 25. Nf4 Rxb2 26. Bxe6+ Nxe6 27. Nxe6 Re8 28. Nf4 g5 29. Nd3 Rd2 30. Rfd1 Ree2 31. Rxd2 Rxd2 32. Nc5 b6 33. Ne4 Rb2 34. a4 Kf7 35. a5 b5 36. a6 b4 37. Nd6+ Ke6 38. Nc8 b3 39. Nxa7 Ra2 40. Rb1 Rxa6 41. Nb5 Rb6 42. Rxb3 Ke5 43.
Nd4 Rxb3 44. Nxb3 Kf4 45. Nd4 h5 46. Ne6+ Kf5 47. Ng7+ Kg6 48. Ne8 Kf5 49. Kg3 Ke4 50.
Nf6+ 1-0

[Event "Early-Titled-Tuesday-Blitz-August-29-2023"]
[Site "Chess.com"]
[Date "2023.08.29"]
[Round "1"]
[White "Arseniy_Nesterov"]
[Black "Alain_Otero"]
[Result "1-0"]
[WhiteElo "2866"]
[BlackElo "2449"]
[TimeControl "180+1"]
[EndTime "8:05:42 PDT"]
[Termination "Arseniy_Nesterov won by resignation"]

1. d4 Nf6 2. c4 e6 3. g3 d5 4.
Bg2 dxc4 5. Nf3 a6 6. O-O Nc6 7. e3 Rb8 8. Nfd2 e5 9. Bxc6+ bxc6 10. dxe5 Ng4 11. Nxc4 Be6 12. Nbd2 Bb4 13. b3 h5 14. h3 Bc3 15. Ba3 Bxa1 16. Qxa1 Qd3 17. Qc1 Nh6 18. Na5 Qd7 19. Ne4 Bxh3 20. Rd1 Qe6 21. Ng5 Qg6 22. Nxh3 Nf5 23. Nf4 Qh6 24. Qxc6+ Qxc6 25. Nxc6 Ra8 26. Nd5 Kd7 27. Nde7+ Ke6 28. Nxf5 1-0

[Event "Early-Titled-Tuesday-Blitz-August-29-2023"]
[Site "Chess.com"]
[Date "2023.08.29"]
[Round "1"]
[White "chess123456s"]
[Black "Apocalyps999"]
[Result "1-0"]
[WhiteElo "2661"]
[BlackElo "2344"]
[TimeControl "180+1"]
[EndTime "8:05:44 PDT"]
[Termination "chess123456s won by checkmate"]

1. e4 e5 2. Nf3 Nc6 3. Bb5 a6 4. Ba4 Nf6 5. d3 d6 6. c3 Be7 7.
O-O O-O 8. Re1 Re8 9. Nbd2 Be6 10. Nf1 Nd7 11. Ng3 g6 12. h3 f6 13. d4 Bf7 14. h4 b5 15. Bc2 Nb6 16. h5 a5 17. Nh4 f5 18. hxg6 hxg6 19. exf5 Bxh4 20.
fxg6 Bd5 21. Qh5 Bf6 22. Qh7+ Kf8 23. Bh6+ Bg7 24. Qxg7# 1-0

[Event "Early-Titled-Tuesday-Blitz-August-29-2023"]
[Site "Chess.com"]
[Date "2023.08.29"]
[Round "1"]
[White "WildTricks"]
[Black "Goi_Manne"]
[Result "1-0"]
[WhiteElo "2644"]
[BlackElo "2322"]
[TimeControl "180+1"]
[EndTime "8:05:45 PDT"]
[Termination "WildTricks won by resignation"]

1. e4 c6 2. Nf3 d5 3. d3 dxe4 4. dxe4 Qxd1+ 5. Kxd1 Bg4 6. Be2 Nd7 7. Ne1 Bxe2+ 8.
Kxe2 e5 9. a4 a5 10. f3 Bc5 11.
Nd3 Bb6 12. Na3 f6 13. Nc4 Bc7 14. Be3 Ne7 15. Rhd1 O-O 16. Nc5 Nxc5 17. Bxc5 Bd8 18. Rd7 Rf7 19. Rad1 Nd5 20. Rxf7 Nf4+ 21. Kf2 Kxf7 22.
Rd7+ Ke6 23. Rxb7 g5 24. Rxh7 Rb8 25. g3 Ng6 26. Rg7 Be7 27. Bxe7 Nxe7 28. b3 Rh8 29.
Kg2 Ra8 30. h4 gxh4 31. gxh4 c5 32. Kg3 Nc6 33. c3 Rb8 34. Rc7 Ne7 35. Nxa5 f5 36.
Rxe7+ 1-0

[Event "Early-Titled-Tuesday-Blitz-August-29-2023"]
[Site "Chess.com"]
[Date "2023.08.29"]
[Round "1"]
[White "Angry_Twin"]
[Black "regular_legs"]
[Result "1-0"]
[WhiteElo "2956"]
[BlackElo "2496"]
[TimeControl "180+1"]
[EndTime "8:05:48 PDT"]
[Termination "Angry_Twin won by resignation"]

1. e4 c6 2. Nf3 d5 3. d3 Bg4 4. h3 Bh5 5. Nc3 e6 6. g4 Bg6 7. h4 dxe4 8. Ne5 Bd6 9. Nxg6 hxg6 10. Nxe4 Be7 11. g5 Na6 12. Be3 Nc5 13. Qf3 Qa5+ 14.
c3 Qa4 15. Nxc5 Bxc5 16. Bxc5 Ne7 17. Bxe7 Kxe7 18. d4 Rad8 19. Bd3 Rd7 20. Qe2 a6 21. Bc2 Qa5 22. a3 c5 23. O-O-O cxd4 24. Rxd4 Rxd4 25.
cxd4 Rd8 26. Qe4 Qc7 27. Kb1 Kf8 28. h5 gxh5 29. Rxh5 Ke7 30. g6 Qb6 31. Qh4+ f6 32. Rh7 Rg8 33. Qh6 Kf8 34. Rxg7 1-0

[Event "Early-Titled-Tuesday-Blitz-August-29-2023"]
[Site "Chess.com"]
[Date "2023.08.29"]
[Round "1"]
[White "BlueWizzard"]
[Black "dosto07"]
[Result "1-0"]
[WhiteElo "2889"]
[BlackElo "2468"]
[TimeControl "180+1"]
[EndTime "8:05:48 PDT"]
[Termination "BlueWizzard won on time"]

1. d4 d5 2. Nc3 Nf6 3. Nf3 c6 4. Qd3 g6 5. e4 dxe4 6. Nxe4 Nxe4 7. Qxe4 Bf5 8. Qe5 f6 9. Qe3 Bg7 10. Bc4 Nd7 11. Bb3 Nb6 12. h3 Nd5 13. Qe2 O-O 14. O-O b5 15. Re1 Re8 16. c3 g5 17.
a4 a6 18. h4 h6 19. hxg5 hxg5 20. Nh2 Qd7 21. Qf3 e6 22. Ng4 Rad8 23. axb5 axb5 24. Ne3 Nxe3 25. fxe3 Kf8 26. Ra6 Rc8 27. e4 Bg6 28. Bxg5 Bf7 29. Bxf6 Bxf6 30. Qxf6 e5 31. Rf1 Rc7 32. Qh6+ Kg8 33. Qg6+ Kf8 34. Rxf7+ Qxf7 35. Bxf7 Rxf7 36. dxe5 Rxe5 37. Ra8+ Ke7 38. Ra7+ 1-0

[Event "Early-Titled-Tuesday-Blitz-August-29-2023"]
[Site "Chess.com"]
[Date "2023.08.29"]
[Round "1"]
[White "baki83"]
[Black "rikchessmx"]
[Result "1-0"]
[WhiteElo "2828"]
[BlackElo "2443"]
[TimeControl "180+1"]
[EndTime "8:05:48 PDT"]
[Termination "baki83 won by resignation"]

1. e4 e5 2. Nf3 Nc6 3. Bb5 a6 4.
Bxc6 dxc6 5. O-O f6 6. d4 exd4 7. Nxd4 Qe7 8. Re1 Bd7 9. Nf5 Qf7 10. Qd4 c5 11. Qc3 O-O-O 12. Ne3 Bc6 13. f3 h5 14. Nd2 Ne7 15. Qxc5 Kb8 16. Qc4 Qe8 17. Nb3 Bb5 18.
Qc3 Nc6 19. Nd5 Qe5 20. Bf4 Qxc3 21. Bxc7+ Kc8 22. bxc3 Re8 23. Bf4 Ne5 24. Nd4 Bc4 25. Bxe5 Rxe5 26. Nb6+ 1-0